 Dungeon Sprint DCSS version 0.31.0-9-g3a7656b989 (webtiles) character file.

Game seed: 14932188711069891083

161 Heoruswealwe the Spear-Bearer (level 5, -2/52 HPs)
             Began as a Minotaur Fighter on Feb 5, 2024.
             Was an Initiate of Gozag.
             Slain by a two-headed ogre
             ... wielding a +0 giant spiked club
              (18 damage)
             ... in the Dungeon (Sprint IX: "|||||||||||||||||||||||||||||").
             The game lasted 00:02:38 (183 turns).

Heoruswealwe the Spear-Bearer (Minotaur Fighter)     Turns: 183, Time: 00:02:38

Health: -2/52      AC: 12    Str: 22    XL:     5   Next: 18%
Magic:  4/4        EV: 10    Int:  5    God:    Gozag
Gold:   0          SH:  0    Dex: 10    Spells: 4/4 levels left

rFire   . . .        b - +2 halberd (venom)
rCold   . . .        (shield currently unavailable)
rNeg    . . .        c - +1 chain mail
rPois   .            (helmet restricted)
rElec   .            h - +0 cloak
rCorr   .            (no gloves)
SInv    .            (no boots)
Will    .....        (no amulet) Stlth
                     k - +2 ring of evasion
HPRegen 0.28/turn    (no ring)
MPRegen 0.09/turn

%: no teleportation
@: no status effects
A: horns 2, retaliatory headbutt
a: Renounce Religion, Potion Petition, Call Merchant, Bribe Branch


You were in the Dungeon.
You worshipped Gozag.
Gozag was noncommittal.
You visited 1 branch

Inventory:

Hand Weapons
 a - a +0 trident
 b - a +2 halberd of venom (weapon)
 A - the +2 Maxwell's thermic engine {flame, freeze, rev}
   (You found it in the Dungeon)
Armour
 c - a +1 chain mail (worn)
 d - a +0 buckler
 h - a +0 cloak (worn)
Jewellery
 k - a +2 ring of evasion (left hand)
Wands
 m - a wand of quicksilver (10)
Scrolls
 j - 2 scrolls of blinking
Potions
 e - 5 potions of curing
 g - a potion of haste
 i - a potion of berserk rage
 l - a potion of might


   Skills:
 + Level 7.2 Fighting
 * Level 9.2 Polearms
 + Level 7.2 Armour
 - Level 3.6 Shields


You had 4 spell levels left.
You didn't know any spells.
Your spell library was empty.

Dungeon Overview and Level Annotations

Branches:
Dungeon (1/1)

Altars:
Cheibriados
Dithmenos
Elyvilon
Fedhas
Gozag
Hepliaklqana
Kikubaaqudgha
Makhleb
Nemelex Xobeh
Okawaru
Qazlal
Ru
Sif Muna
Trog
Uskayaw
Vehumet
Wu Jian
Xom
Yredelemnul
Zin
The Shining One
Jiyva
Lugonu


Innate Abilities, Weirdness & Mutations

You have a pair of horns on your head.
You reflexively headbutt those who attack you in melee.


Message History

The kobold brigand is wielding a +0 dagger and quivering curare-tipped darts.
The troll shouts!
The kobold brigand shouts!
The yak bellows!
The two-headed ogre shouts in stereo!
The komodo dragon hisses angrily.
You barely miss the komodo dragon. The komodo dragon bites you!!
You hit the komodo dragon.
The komodo dragon is lightly wounded.
The komodo dragon bites you!!
Ouch! That really hurt!
* * * LOW HITPOINT WARNING * * *
You feel much better.
The komodo dragon bites you but does no damage.
You puncture the komodo dragon!
The komodo dragon is poisoned.
Your headbutt misses the komodo dragon.
The komodo dragon is moderately wounded.
The komodo dragon hisses menacingly.
The komodo dragon barely misses you.
The orc wizard casts a spell.
The orc wizard flickers and vanishes!
Deactivating autopickup; reactivate with Ctrl-A.
The komodo dragon closely misses you.
You puncture the komodo dragon!
The komodo dragon looks as sick as possible!
Your headbutt misses the komodo dragon.
The komodo dragon is heavily wounded.
You barely miss the two-headed ogre. You hit the two-headed ogre.
The two-headed ogre is poisoned.
The two-headed ogre is lightly wounded.
The two-headed ogre hits you with a +0 giant spiked club!!
* * * LOW HITPOINT WARNING * * *
The two-headed ogre misses you.
The komodo dragon hisses menacingly.
You feel much better.
The two-headed ogre hits you with a +0 giant spiked club!!
The two-headed ogre hits you with a +0 giant club!
* * * LOW HITPOINT WARNING * * *
You barely miss the two-headed ogre.
The two-headed ogre is lightly wounded.
The two-headed ogre hits you with a +0 giant spiked club!!
You die...
Your body crumbles into a pile of gold.

▓.▓
▓T▓
▓K▓
▓{▓
▓Y▓
▓l▓
▓O▓
▓@▓
▓.▓
▓.▓
▓=▓
▓[▓
▓[▓
▓)▓
▓?▓
▓!▓


You could see a two-headed ogre (very poisoned), a komodo dragon (very
poisoned), a yak, a troll and a kobold brigand.

Vanquished Creatures
  A scorpion (D)
  A bombardier beetle (D)
  A hound (D)
  An iguana (D)
  An ufetubus (D)
  A dart slug (D)
  A ball python (D)
  2 bats (D)
  A rat (D)
10 creatures vanquished.

Notes
Turn   | Place    | Note
-------+----------+-------------------------------------------
     0 | D        | Heoruswealwe the Minotaur Fighter began the quest for the
                  | Orb.
     0 | D        | Reached XP level 1. HP: 19/19 MP: 0/0
     5 | D        | Reached skill level 3 in Polearms
    10 | D        | Reached skill level 4 in Polearms
    15 | D        | Noticed a bombardier beetle
    15 | D        | Noticed a hound
    15 | D        | Noticed a scorpion
    15 | D        | Noticed an iguana
    19 | D        | HP: 1/20 [iguana (11)]
    23 | D        | Killed an iguana
    24 | D        | Reached skill level 5 in Fighting
    24 | D        | Reached skill level 5 in Polearms
    24 | D        | Reached skill level 5 in Armour
    24 | D        | Reached XP level 2. HP: 26/29 MP: 1/1
    24 | D        | Reached XP level 3. HP: 32/36 MP: 2/2
    39 | D        | Killed a scorpion
    40 | D        | Reached skill level 7 in Polearms
    40 | D        | Reached XP level 4. HP: 15/45 MP: 3/3
    48 | D        | Reached skill level 8 in Polearms
    56 | D        | Reached skill level 9 in Polearms
    56 | D        | Reached XP level 5. HP: 19/52 MP: 4/4
    62 | D        | Found a snail-covered altar of Cheibriados.
    62 | D        | Found a shadowy altar of Dithmenos.
    62 | D        | Found a white marble altar of Elyvilon.
    62 | D        | Found a blossoming altar of Fedhas.
    62 | D        | Found an opulent altar of Gozag.
    63 | D        | Found a hazy altar of Hepliaklqana.
    64 | D        | Found a viscous altar of Jiyva.
    65 | D        | Found an ancient bone altar of Kikubaaqudgha.
    66 | D        | Found a corrupted altar of Lugonu.
    67 | D        | Found a burning altar of Makhleb.
    68 | D        | Found a sparkling altar of Nemelex Xobeh.
    69 | D        | Found an iron altar of Okawaru.
    70 | D        | Became a worshipper of Gozag Ym Sagoz the Greedy
    71 | D        | Found a stormy altar of Qazlal.
    72 | D        | Found a sacrificial altar of Ru.
    73 | D        | Found a shimmering blue altar of Sif Muna.
    74 | D        | Found a bloodstained altar of Trog.
    75 | D        | Found a hide-covered altar of Uskayaw.
    76 | D        | Found a radiant altar of Vehumet.
    77 | D        | Found an ornate altar of the Wu Jian Council.
    78 | D        | Found a shimmering altar of Xom.
    79 | D        | Found a basalt altar of Yredelemnul.
    80 | D        | Found a glowing silver altar of Zin.
    81 | D        | Found a glowing golden altar of the Shining One.
    89 | D        | Found the +2 Maxwell's thermic engine {flame, freeze, rev}
   174 | D        | Noticed a troll
   174 | D        | Noticed a yak
   174 | D        | Noticed a two-headed ogre
   174 | D        | Noticed a komodo dragon
   183 | D        | Slain by a two-headed ogre

Illustrated notes

Levels and vault maps discovered:
D:        linesprint [early_d, line_temple, items_1, d_10, items_2, lair_1,
          lair_end, items_3, orc_1, orc_end, items_4, d_15, swamp_1, shoals_1,
          snake_1, spider_1, d_20, vaults_1, items_5, swamp_end, shoals_end,
          snake_end, spider_end, vaults_end, d_27, items_6, zot_1, zot_end,
          crypt_end, forest_end, elf_end, slime_end, tomb_end, abyss_end,
          pan_hell_end]

Skill      XL: |  1  2  3  4 |
---------------+-------------+-----
Fighting       | 5 6 7 |  7.2
Polearms       | 5 7 9 |  9.2
Armour         | 5 6 7 |  7.2
Shields        | |  3.6

Action                     |  1- 3 |  4- 6 || total
---------------------------+-------+-------++-------
  Melee: Trident           |    28 |    16 ||    44
         Headbutt          |     3 |     3 ||     6
         Halberd           |       |     7 ||     7
    Use: Potion            |     1 |     2 ||     3
 Armour: Scale mail        |    13 |     6 ||    19
         Chain mail        |       |     7 ||     7
  Dodge: Dodged            |    19 |     8 ||    27
  Block: Buckler           |     5 |     3 ||     8
